 Dungeon Crawl Stone Soup version 0.30-a0-743-gbfdf073 (webtiles) character file.

Game seed: 5826177414923854747

33413 Illumine the Brawler (level 13, -4/130 HPs)
             Began as a Troll Cinder Acolyte on Feb 8, 2023.
             Was a Believer of Ignis.
             Slain by a death yak (5 damage)
             ... on level 4 of the Lair of Beasts.
             The game lasted 00:25:11 (13630 turns).

Illumine the Brawler (Troll Cinder Acolyte)        Turns: 13630, Time: 00:25:12

Health: -4/130     AC: 13    Str: 32    XL:     13   Next: 36%
Magic:  22/22      EV: 12    Int: 10    God:    Ignis [**....]
Gold:   1617       SH:  0    Dex: 10    Spells: 10/14 levels left

rFire   + . .      SeeInvis .      - Unarmed
rCold   + . .      Faith    .    (no shield)
rNeg    . . .      Spirit   .    P - +0 steam dragon scales
rPois   +          Reflect  .    V - +1 hat of the Lich-sworn {Contam rPois Dex+5}
rElec   .          Harm     .    l - +0 cloak
rCorr   .          Rampage  .    (gloves unavailable)
Will    .....                    (boots unavailable)
Stlth   +                        (no amulet)
HPRegen 1.21/turn                F - ring "Uramp" {rC+ MP+9 Str+3 Slay+3}
MPRegen 0.18/turn                J - +4 ring of protection

@: no status effects
A: large, unfitting armour, claws 3, regeneration 1, shaggy fur 1, tough skin 1
a: Renounce Religion, Fiery Armour, Foxfire Swarm, Rising Flame


You were on level 4 of the Lair of Beasts.
You worshipped Ignis.
Ignis was pleased with you.
You visited 2 branches of the dungeon, and saw 15 of its levels.
You also visited: Sewer.

You collected 1617 gold pieces.

Inventory:

Hand Weapons
 a - a -1 falchion of flaming
 D - a +4 scimitar
Missiles
 d - 119 stones
 e - 35 poisoned darts
 k - 5 atropa-tipped darts
 x - 12 boomerangs (quivered)
 Q - 6 silver javelins
Armour
 l - a +0 cloak (worn)
 P - +0 steam dragon scales (worn)
 V - the +1 hat of the Lich-sworn (worn) {Contam rPois Dex+5}
   (You acquired it on level 4 of the Lair of Beasts)

   Dex:       It affects your dexterity (+5).
   rPois:     It protects you from poison.
   Contam:    It causes magical contamination when unequipped.
Jewellery
 h - a ring of protection from fire
 m - a +4 ring of protection
 s - a ring of willpower
 y - a ring of protection from fire
 F - the ring "Uramp" (left claw) {rC+ MP+9 Str+3 Slay+3}
   (You acquired it on level 9 of the Dungeon)

   [ring of magical power]

   Str:       It affects your strength (+3).
   Slay:      It affects your accuracy & damage with ranged weapons and melee
   (+3).
   rC:        It protects you from cold.
   MP:        It affects your magic capacity (+9).
 I - an amulet of guardian spirit
 J - a +4 ring of protection (right claw)
 K - a ring of wizardry
Wands
 v - a wand of paralysis (7)
 A - a wand of mindburst (15)
 O - a wand of roots (2)
 T - a wand of digging (5)
Scrolls
 c - 4 scrolls of magic mapping
 f - 4 scrolls of fear
 g - a scroll of amnesia {unknown}
 j - 3 scrolls of vulnerability
 n - 6 scrolls of teleportation
 t - a scroll of butterflies
 w - 2 scrolls of immolation
 E - a scroll of blinking {unknown}
 H - a scroll of noise {unknown}
 L - 3 scrolls of enchant armour
 R - 2 scrolls of poison {unknown}
 U - 2 scrolls of identify
Potions
 b - a potion of invisibility {unknown}
 i - 6 potions of flight
 o - 2 potions of brilliance {unknown}
 p - 5 potions of heal wounds
 q - 4 potions of might
 r - 5 potions of haste
 u - 6 potions of curing
 z - 3 potions of attraction
 B - 5 potions of mutation
 C - a potion of cancellation {unknown}
 G - 2 potions of lignification {unknown}
 M - a potion of berserk rage {unknown}
 N - 2 potions of degeneration {unknown}
 S - a potion of resistance {unknown}


   Skills:
 + Level 8.9 Fighting
 - Level 2.4 Long Blades
 - Level 6.0 Throwing
 + Level 8.5 Dodging
 * Level 15.3 Unarmed Combat
 - Level 1.0 Spellcasting
 - Level 2.0 Translocations
 - Level 2.1 Fire Magic
 + Level 5.0 Evocations


You had 10 spell levels left.
You knew the following spells:

 Your Spells              Type           Power      Damage    Failure   Level
a - Scorch                Fire           8%         2d5       22%         2
b - Blink                 Tloc           8%         N/A       22%         2

Your spell library contained the following spells:

 Spells                   Type           Power      Damage    Failure   Level
 Lesser Beckoning         Tloc           8%         N/A       22%         2
 Momentum Strike          Conj/Tloc      4%         3d8       34%         2
 Cigotuvi's Dreadful Rot  Necr/Pois/Air  0%         N/A       45%         2
 Poisonous Vapours        Pois/Air       0%         N/A       45%         2
 Static Discharge         Conj/Air       0%         2-2/arc   45%         2
 Kindle Blastsparks       Fire/Tloc/Air  6%         2d10      50%         3
 Vhi's Electric Charge    Tloc/Air       4%         N/A       56%         3
 Ignite Poison            Fire/Tmut/Pois 1%         N/A       61%         3
 Mephitic Cloud           Conj/Pois/Air  0%         N/A       71%         3
 Passage of Golubria      Tloc           4%         N/A       83%         4
 Sticky Flame             Conj/Fire      2%         2d3       91%         4
 Arcjolt                  Conj/Air       0%         1d10      100%        5
 Freezing Cloud           Conj/Ice/Air   0%         6-21      100%        5
 Lightning Bolt           Conj/Air       0%         1d11      100%        5
 Silence                  Hex/Air        0%         N/A       100%        5
 Ignition                 Fire           2%         3d3       100%        8
 Lehudib's Crystal Spear  Conj/Erth      0%         10d2      100%        8


Dungeon Overview and Level Annotations

Branches:
Dungeon (10/15)            Temple (0/1) D:5            Lair (5/5) D:9
  Swamp (0/4) Lair:3       Spider (0/4) Lair:3        Sewer (visited)
  Slime: Lair:4-5       Orc: D:9-12

Altars:
Hepliaklqana
Nemelex Xobeh
Okawaru
Trog
Yredelemnul
Zin
The Shining One

Shops:
D:6 *

Annotations:
D:10 3 runed translucent doors, heathens's ghost, novice MiBe
Lair:2 3 runed translucent doors, Radamante's ghost, journeyman TrFE
Lair:3 3 runed translucent doors, Dega's ghost, journeyman SpHu


Innate Abilities, Weirdness & Mutations

You are too large for most types of armour.
You have claws for hands.
Your natural rate of healing is unusually fast.
You are covered in fur. (AC +1)
You have tough skin. (AC +1)


Message History

The spriggan rider is lightly wounded.
The spriggan rider hits you but does no damage. x2
Things that are here:
a +0 dagger; a +0 robe of cold resistance; a +0 buckler A polar bear comes into view.
The spriggan rider hits you from afar with a +0 spear.
The polar bear growls angrily.
You hear a shout!
The spriggan rider hits you from afar with a +0 spear.
Your fiery armour burns out.
The spriggan rider hits you from afar with a +0 spear!
* * * LOW HITPOINT WARNING * * *
The spriggan rider hits you from afar with a +0 spear!
* * * LOW HITPOINT WARNING * * *
The spriggan rider hits you from afar with a +0 spear!
* * * LOW HITPOINT WARNING * * *
The spriggan rider closely misses you. The spriggan misses you.
There is a stone staircase leading up here.
The spriggan rider hits you from afar with a +0 spear!
* * * LOW HITPOINT WARNING * * *
The spriggan rider hits you but does no damage.
The spriggan closely misses you.
You climb upwards.
The death yak bellows! x5
The death yak gores you!
* * * LOW HITPOINT WARNING * * *
The death yak gores you.
* * * LOW HITPOINT WARNING * * *
The death yak barely misses you.
The death yak gores you but does no damage.
There is a stone staircase leading down here.
Unknown command.
As you read the scroll of fear, it crumbles to dust.
You assume a fearsome visage.
The spriggan looks frightened!
The death yak easily resists.
The death yak resists with almost no effort.
The death yak resists with some effort.
The death yak looks frightened! x2
The death yak closely misses you. The death yak gores you.
* * * LOW HITPOINT WARNING * * *
The death yak gores you.
You die...

##..#.# ###.#### . #...##
#......## .F.#### ##...#
........#
.......###P..###
#.......#
#...........####......##
#.###.........##........#
#....YiY............#
#.....@Y...........#
#............<....#
##..Y..Y##.......##
######.#.#.#.####
#########


You could see 5 death yaks and a spriggan (fleeing).

Vanquished Creatures
  3 hydras
  2 two-headed ogres (D:10)
  2 death yaks
  An orb spider (Lair:3)
  An elephant (Lair:2)
  A black mamba (Lair:3)
  A gargoyle (D:9)
  7 cane toads
  Maggie (Lair:2)
  2 rime drakes
  2 komodo dragons (Lair:1)
  The ghost of Dega the Skirmisher, a novice SpHu (D:5)
  4 polar bears
  A hornet (Lair:3)
  2 dream sheep
  33 blink frogs
  Sigmund (D:3)
  3 spriggans
  4 wyverns
  2 basilisks
  48 yaks
  Menkaure (D:7)
  13 water moccasins
  Duvessa (D:7)
  5 black bears
  3 ice beasts
  A sky beast (D:7)
  2 orc warriors
  2 ogres
  25 wolves
  A centaur (D:10)
  A kobold brigand (D:9)
  4 necrophages
  18 bullfrogs
  3 scorpions (D:7)
  10 wights
  Dowan (D:7)
  8 killer bees (D:9)
  4 orc priests
  5 hounds
  5 jellies
  Jessica (D:3)
  7 iguanas
  Ijyb (D:3)
  10 orc wizards
  Robin (D:2)
  9 adders
  A gnoll (D:4)
  2 river rats (D:5)
  3 white imps
  2 ufetubi
  3 worms
  20 orcs
  10 endoplasms
  6 giant cockroaches
  14 goblins
  3 hobgoblins (D:2)
  5 jackals
  2 kobolds
  5 quokkas
  6 ball pythons
  5 bats
  4 frilled lizards
  3 rats
358 creatures vanquished.

Vanquished Creatures (others)
  74 fungi
  142 plants
216 creatures vanquished.

Grand Total: 574 creatures vanquished

Notes
Turn   | Place    | Note
-------+----------+-------------------------------------------
     0 | D:1      | Illumine the Troll Cinder Acolyte began the quest for the
                  | Orb.
     0 | D:1      | Reached XP level 1. HP: 22/22 MP: 1/1
   136 | D:1      | Reached skill level 1 in Unarmed Combat
   299 | D:1      | Reached XP level 2. HP: 29/29 MP: 2/2
   302 | D:1      | Learned a level 2 spell: Scorch
   579 | D:1      | Reached skill level 2 in Unarmed Combat
   841 | D:2      | Reached XP level 3. HP: 29/36 MP: 3/3
   955 | D:2      | Reached skill level 3 in Unarmed Combat
  1246 | D:2      | Noticed Robin
  1285 | D:2      | Killed Robin
  1286 | D:2      | Reached XP level 4. HP: 19/44 MP: 4/4
  1620 | D:2      | Reached skill level 4 in Unarmed Combat
  1761 | D:3      | Noticed Jessica
  1765 | D:3      | Killed Jessica
  1872 | D:3      | Reached XP level 5. HP: 50/50 MP: 5/5
  1898 | D:3      | Learned a level 2 spell: Blink
  2027 | D:3      | Found a glowing golden altar of the Shining One.
  2033 | D:3      | Found a basalt altar of Yredelemnul.
  2035 | D:3      | Noticed a profane servitor
  2096 | D:3      | Noticed Sigmund
  2106 | D:3      | Killed Sigmund
  2107 | D:3      | Reached skill level 5 in Unarmed Combat
  2107 | D:3      | Reached skill level 1 in Translocations
  2107 | D:3      | Reached XP level 6. HP: 48/59 MP: 6/6
  2123 | D:3      | Found a glowing drain.
  2138 | Sewer    | Entered a sewer
  2202 | Sewer    | Noticed a water moccasin
  2214 | Sewer    | Killed a water moccasin
  2215 | Sewer    | Reached skill level 6 in Unarmed Combat
  2279 | D:3      | Noticed Ijyb
  2286 | D:3      | Paralysed by Ijyb for 2 turns
  2291 | D:3      | Killed Ijyb
  2497 | D:3      | Found a bloodstained altar of Trog.
  2610 | D:4      | Reached XP level 7. HP: 66/66 MP: 7/7
  2666 | D:4      | Reached skill level 1 in Dodging
  2759 | D:4      | Found a hazy altar of Hepliaklqana.
  2822 | D:4      | Reached skill level 7 in Unarmed Combat
  3479 | D:4      | Reached XP level 8. HP: 56/75 MP: 8/8
  3561 | D:5      | Entered Level 5 of the Dungeon
  3720 | D:5      | Found a runed translucent door.
  3723 | D:5      | Noticed Dega's ghost (novice SpHu)
  3793 | D:5      | Reached skill level 8 in Unarmed Combat
  3884 | D:5      | Found a staircase to the Ecumenical Temple.
  4014 | D:5      | Found a sparkling altar of Nemelex Xobeh.
  4056 | D:5      | Found a runed translucent door.
  4165 | D:6      | Reached skill level 1 in Throwing
  4547 | D:6      | Found Plog's Assorted Antiques.
  4889 | D:7      | Reached skill level 9 in Unarmed Combat
  4893 | D:7      | Reached XP level 9. HP: 55/85 MP: 9/9
  5219 | D:7      | Noticed Menkaure
  5227 | D:7      | Killed Menkaure
  5440 | D:7      | Reached skill level 5 in Fighting
  5506 | D:7      | Reached skill level 10 in Unarmed Combat
  5555 | D:7      | Noticed Dowan
  5556 | D:7      | Noticed Duvessa
  5574 | D:7      | Killed Duvessa
  5578 | D:7      | Killed Dowan
  6215 | D:8      | Reached XP level 10. HP: 92/96 MP: 10/10
  6798 | D:9      | Reached skill level 5 in Dodging
  6881 | D:8      | Reached skill level 11 in Unarmed Combat
  7243 | D:9      | Found a staircase to the Lair.
  7262 | D:10     | Entered Level 10 of the Dungeon
  7289 | D:10     | Reached skill level 5 in Throwing
  7606 | D:9      | Found a glowing silver altar of Zin.
  7921 | D:9      | Identified 2 scrolls of acquirement
  7944 | D:9      | Acquired 714 gold pieces
  7946 | D:9      | Acquired the ring "Uramp" {rC+ MP+9 Str+3 Slay+3}
  8328 | D:10     | Noticed a gargoyle
  8328 | D:10     | Noticed a two-headed ogre
  8335 | D:9      | Killed a gargoyle
  8336 | D:9      | Reached XP level 11. HP: 84/107 MP: 11/11
  8363 | D:10     | Killed a two-headed ogre
  8364 | D:10     | Reached skill level 12 in Unarmed Combat
  8634 | D:10     | Found a runed translucent gate.
  8635 | D:10     | Found a runed translucent gate.
  8636 | D:10     | Found a runed translucent gate.
  8645 | D:10     | Noticed a two-headed ogre
  8646 | D:10     | Found an iron altar of Okawaru.
  8646 | D:10     | Noticed heathens's ghost (novice MiBe)
  8646 | D:10     | Noticed a ten-headed hydra
  8646 | D:10     | Noticed a 12-headed hydra
  8672 | D:10     | Killed a two-headed ogre
  8698 | Lair:1   | Entered Level 1 of the Lair of Beasts
  8845 | Lair:1   | Reached skill level 1 in Evocations
  9095 | Lair:1   | Reached skill level 13 in Unarmed Combat
  9295 | Lair:1   | Found an iron altar of Okawaru.
  9477 | Lair:1   | Reached XP level 12. HP: 99/118 MP: 12/12
  9725 | Lair:2   | Noticed Maggie
  9742 | Lair:2   | Killed Maggie
  9818 | Lair:2   | Noticed Radamante's ghost (journeyman TrFE)
  9828 | Lair:2   | Found a runed translucent gate.
  9832 | Lair:2   | Found a runed translucent gate.
  9832 | Lair:2   | Found a runed translucent gate.
  9874 | Lair:2   | Noticed a six-headed hydra
  9893 | Lair:2   | Killed a one-headed hydra
 10019 | Lair:2   | Noticed a death yak
 10036 | Lair:2   | Killed a death yak
 10042 | Lair:2   | Reached skill level 14 in Unarmed Combat
 10996 | Lair:3   | Found a runed translucent gate.
 10996 | Lair:3   | Found a runed translucent gate.
 10996 | Lair:3   | Found a runed translucent gate.
 10999 | Lair:3   | Noticed Dega's ghost (journeyman SpHu)
 11000 | Lair:3   | Noticed an anaconda
 11098 | Lair:3   | Noticed a seven-headed hydra
 11107 | Lair:3   | Killed a five-headed hydra
 11355 | Lair:3   | Found a hole to the Spider Nest.
 11396 | Lair:3   | Found a staircase to the Swamp.
 12045 | D:5      | Killed Dega's ghost
 12510 | Lair:4   | Reached XP level 13. HP: 128/128 MP: 13/13
 12656 | Lair:4   | Reached skill level 15 in Unarmed Combat
 12663 | Lair:4   | Acquired the +1 hat of the Lich-sworn {Contam rPois Dex+5}
 13236 | Lair:5   | Entered Level 5 of the Lair of Beasts
 13581 | Lair:5   | Reached skill level 5 in Evocations
 13629 | Lair:4   | HP: 3/130 [death yak (4)]
 13630 | Lair:4   | HP: 1/130 [death yak (3)]
 13630 | Lair:4   | Slain by a death yak

Illustrated notes

Levels and vault maps discovered:
D:1:      dpeg_arrival_pits, layout_basic, st_stairs_14
D:2:      layout_loops_corners, minmay_vboxes, uniq_robin
D:3:      layout_basic, grunt_temple_overflow_holy_war, bloody_trog,
          cheibrodos_sewer_entry_bend, uniq_sigmund, uniq_jessica, uniq_ijyb
D:4:      minmay_chambers_of_fours, layout_basic, kennysheep_mini_moat
D:5:      layout_rooms, kennysheep_mini, minmay_temple_entry_from_below_a,
          ebering_ghost_sewer_f
D:6:      layout_loops_corners, serial_shops, nicolae_shop_overgrown_old_shop
D:7:      layout_gridville, grunt_ministairs_13, uniq_duvessa, uniq_menkaure
D:8:      layout_cave_pods
D:9:      layout_layer_cave, lemuel_tele_altar, due_lair_maze_entry_diamond,
          serial_bayou_pond_d
D:10:     layout_basic, lemuel_crystal_altar, orc_david_3,
          gammafunk_ghost_hydra_chop, uniq_snorg
Lair:1:   wad_woods_stonehenge, layout_regular_city
Lair:2:   nzn_winding_woodlands_small
          [nzn_winding_woodlands_5x15_pathside_ponds,
          nzn_winding_woodlands_center_triple_pond,
          nzn_winding_woodlands_5x15_default], layout_regular_city,
          gammafunk_ghost_split, uniq_maggie
Lair:3:   layout_roguey, swamp_mist, nicolae_spider_entry_orb_guardian,
          gammafunk_ghost_split, grunt_megastairs_1
Lair:4:   layout_cave_pods
Lair:5:   minmay_lair_end_enchanted_forest, layout_regular_city, slime_entry_1,
          uniq_urug

Skill      XL: |  1  2  3  4  5  6  7  8  9 10 11 12 13 |
---------------+----------------------------------------+-----
Unarmed Combat | 1 2 3 4 5 6 7 9 10 11 13 14 15 | 15.3
Translocations | 1 2 |  2.0
Dodging        | 2 3 4 5 6 8 |  8.5
Fighting       | 3 4 5 6 7 8 |  8.9
Throwing       | 2 3 5 6 |  6.0
Evocations     | 2 4 5 |  5.0
Long Blades    | |  2.4
Spellcasting   | |  1.0
Fire Magic     | |  2.1

Action                     |  1- 3 |  4- 6 |  7- 9 | 10-12 | 13-15 || total
---------------------------+-------+-------+-------+-------+-------++-------
  Melee: Unarmed           |   111 |    71 |   332 |   519 |   109 ||  1142
         Punch             |     3 |     2 |    10 |    26 |     4 ||    45
         Falchion          |       |       |       |    11 |     1 ||    12
  Throw: Stone             |     1 |       |     5 |       |       ||     6
         Boomerang         |       |       |       |    25 |       ||    25
 Invoke: Fiery Armour      |       |     2 |     1 |     4 |     1 ||     8
  Evoke: Wand              |       |       |       |     4 |       ||     4
    Use: Scroll            |       |       |     7 |     8 |     5 ||    20
         Potion            |       |       |       |     2 |       ||     2
 Armour: Robe              |    51 |    39 |   141 |   148 |       ||   379
         Steam dragon scal |       |       |       |    39 |    43 ||    82
  Dodge: Dodged            |    37 |    26 |   113 |   247 |    67 ||   490

Table legend: (Time is in decaauts)
 A = Elapsed time spent in this place.
 B = Non-inter-level travel time spent in this place.
 C = Inter-level travel time spent in this place.
 D = Time resting spent in this place.
 E = Time spent auto-exploring this place.
 F = Levels seen in this place.
 G = Mean time per level.
                   A        B        C        D        E       F      G
               +--------+--------+--------+--------+--------+-----+--------+
         Total |  13423 |  12674 |    749 |    972 |   8840 |  16 |  838.9 |
       Dungeon |   8789 |   8205 |    584 |    463 |   5980 |  10 |  878.9 |
          Lair |   4498 |   4333 |    165 |    502 |   2802 |   5 |  899.6 |
         Sewer |    136 |    136 |      0 |      7 |     58 |   1 |  136.0 |
               +--------+--------+--------+--------+--------+-----+--------+

Top non-repeatable levels by time:
     D:9: 1506 daAuts
  Lair:2: 1135 daAuts
  Lair:3: 1087 daAuts
     D:7: 1084 daAuts
  Lair:1: 1008 daAuts
     D:4: 947 daAuts
     D:2: 944 daAuts
  Lair:4: 897 daAuts
     D:8: 890 daAuts
     D:6: 858 daAuts
     D:1: 788 daAuts
     D:3: 715 daAuts
     D:5: 550 daAuts
    D:10: 502 daAuts
  Lair:5: 370 daAuts
